 Dungeon Crawl Stone Soup version 0.30.1-3-gfc49f6343a (webtiles) character file.

Game seed: 350110077421196560

6932 riellis1 the Destroyer (level 10, -6/78 HPs)
             Began as a Demigod Conjurer on Aug 4, 2023.
             Killed from afar by a deep elf pyromancer (41 damage)
             ... with a bolt of fire
             ... on level 8 of the Dungeon.
             The game lasted 00:55:57 (12178 turns).

riellis1 the Destroyer (Demigod Conjurer)          Turns: 12178, Time: 00:55:57

Health: -6/78      AC: 13    Str: 16      XL:     10   Next: 51%
Magic:  5/17       EV: 11    Int: 24      God:
Gold:   526        SH:  0    Dex: 11 (12) Spells: 1/15 levels left

rFire   . . .        d - +2 whip (venom)
rCold   . . .        (no shield)
rNeg    . . .        y - +1 leather armour {rPois}
rPois   +            V - +2 helmet
rElec   .            u - +1 cloak
rCorr   .            M - +2 pair of gloves {infuse}
SInv    .            (no boots)
Will    +....        L - amulet of the acrobat
Stlth   ++           (no ring)
HPRegen 0.33/turn    (no ring)
MPRegen 0.15/turn

%: acrobat, infuse magic (1 MP)
@: no status effects
A: high MP 1, forlorn, divine attributes
a: no special abilities


You were on level 8 of the Dungeon.
You visited 1 branch of the dungeon, and saw 9 of its levels.

You collected 526 gold pieces.

Inventory:

Hand Weapons
 a - a +0 short sword of draining
 d - a +2 whip of venom (weapon)
 s - a +4 scimitar
 E - a +3 flail of protection
 O - a +2 great sword
 Q - a +4 trident of freezing
 R - a +0 rapier
Missiles
 q - 12 javelins
 z - 29 poisoned darts
 F - 4 silver boomerangs
 S - 5 atropa-tipped darts
Armour
 g - a +0 tower shield
 r - +0 steam dragon scales
 u - a +1 cloak (worn)
 y - a +1 leather armour of poison resistance (worn)
 M - a +2 pair of gloves of infusion (worn)
 P - a +0 robe of cold resistance
 T - a +2 ring mail of poison resistance
 V - a +2 helmet (worn)
Jewellery
 L - an amulet of the acrobat (around neck)
Wands
 o - a wand of digging (6)
 C - a wand of roots (29)
 H - a wand of flame (53)
 N - a wand of polymorph (8)
Scrolls
 e - 2 scrolls of torment
 h - a scroll of vulnerability
 i - a scroll of poison {unknown}
 m - 3 scrolls of noise
 p - a scroll of magic mapping
 t - 2 scrolls of amnesia {unknown}
 D - a scroll of immolation {unknown}
 I - 2 scrolls of enchant weapon {unknown}
 J - a scroll of fear {unknown}
 K - a scroll of teleportation
 U - a scroll of identify
Potions
 b - a potion of magic
 c - a potion of flight
 f - 2 potions of attraction
 j - a potion of curing
 k - 3 potions of mutation
 l - 5 potions of lignification
 n - 4 potions of might
 w - a potion of invisibility {unknown}
 x - a potion of heal wounds
 A - 3 potions of berserk rage
 B - a potion of brilliance {unknown}
 G - a potion of ambrosia {unknown}


   Skills:
 - Level 4.0 Fighting
 - Level 0.1 Axes
 - Level 4.0 Armour
 - Level 2.0 Dodging
 - Level 2.0 Stealth
 - Level 0.1 Shields
 - Level 3.0 Spellcasting
 - Level 12.0 Conjurations
 + Level 4.2 Hexes
 - Level 6.0 Translocations
 - Level 0.1 Air Magic
 - Level 0.3 Evocations


You had one spell level left.
You knew the following spells:

 Your Spells              Type           Power      Damage    Failure   Level
a - Magic Dart            Conj           100%       1d8       1%          1
b - Searing Ray           Conj           100%       2d8       1%          2
c - Iskenderun's Mystic   Conj/Tloc      46%        2d10      3%          4
d - Dazzling Flash        Conj/Hex       84%        N/A       1%          3
e - Fulminant Prism       Conj/Hex       21%        3d12      4%          4

Your spell library contained the following spells:

 Spells                   Type           Power      Damage    Failure   Level
 Foxfire                  Conj/Fire      100%       2x1d9     1%          1
 Shock                    Conj/Air       100%       1d9       1%          1
 Necrotise                Necr           12%        1d4       13%         1
 Sting                    Tmut/Pois      12%        1d3       13%         1
 Summon Small Mammal      Summ           12%        N/A       13%         1
 Tukima's Dance           Hex            23%        N/A       7%          3
 Passage of Golubria      Tloc           32%        N/A       11%         4
 Inner Flame              Hex/Fire       13%        N/A       16%         3
 Summon Guardian Golem    Hex/Summ       13%        N/A       16%         3
 Poisonous Vapours        Pois/Air       6%         N/A       19%         2
 Call Canine Familiar     Summ           3%         N/A       36%         3
 Swiftness                Air            4%         N/A       36%         3
 Vampiric Draining        Necr           3%         2d6       36%         3
 Airstrike                Air            2%         2d(1-17)  77%         4
 Olgreb's Toxic Radiance  Pois           3%         N/A       77%         4
 Yara's Violent Unravell  Hex/Tmut       6%         3d5       83%         5
 Agony                    Necr           3%         N/A       98%         5
 Enfeeble                 Hex            11%        N/A       100%        7


Dungeon Overview and Level Annotations

Branches:
Dungeon (9/15)             Temple (0/1) D:4            Lair (0/5) D:8
    Orc: D:9-12


Innate Abilities, Weirdness & Mutations

You have an increased reservoir of magic. (+10% MP)
You shall have no god before yourself.
Your divine heritage dramatically boosts your attributes as you level up.


Message History

Casting: Fulminant Prism (dangerous; 4% risk of failure)
Confirm with . or Enter, or press ? or * to list all spells.
Okay, then.
Casting: Fulminant Prism (dangerous; 4% risk of failure)
Confirm with . or Enter, or press ? or * to list all spells.
You can't see any susceptible monsters within range! (Use Z to cast anyway.)
Casting: Fulminant Prism (dangerous; 4% risk of failure)
Confirm with . or Enter, or press ? or * to list all spells.
Aiming: Searing Ray (safe; 1% risk of failure)
Press: ? - help, Shift-Dir - straight line, f/p - warg
Aim: a warg (moderately wounded, 79% to hit)
The searing ray hits the warg!
The warg is severely wounded. (Press . to maintain the ray.)
The warg closely misses you.
The searing ray hits the warg!
The warg is almost dead.
The warg closely misses you.
The searing ray hits the warg.
The warg is almost dead.
The sentinel's mark upon you fades away.
The warg misses you.
The searing ray hits the warg!
You kill the warg!
You finish channelling your searing ray.
Your Hexes skill increases to level 4!
The deep elf pyromancer points at you and mumbles some strange words.
The bolt of fire hits you!!
Casting: Searing Ray (safe; 1% risk of failure)
Confirm with . or Enter, or press ? or * to list all spells.
Aiming: Searing Ray (safe; 1% risk of failure)
Press: ? - help, Shift-Dir - straight line, f - deep elf pyromancer
Aim: a deep elf pyromancer, wielding a +0 short sword and wearing a +0 chain mail (severely wounded, very poisoned, 81% to hit)
The searing ray hits the deep elf pyromancer.
The deep elf pyromancer is severely wounded. (Press . to maintain the ray.)
The deep elf pyromancer casts a spell at you.
The bolt of fire hits you!!!
Ouch! That really hurt!
You die...

## .# .#
##################### .#
#...................#
.###.#.......#########.#
.....+......[[.e.# #.#
####.#.......###†# #.#
...........[.>##.# #.#
.###.#...e..#.##@#####.#
.# #.#......+..#.......#
.# #.##.....#.)#########
.# #.#......#..# .#
#.#.###+##..# .# #.#.#
#.##..# .# #.#.#
#.##..#### .###+#.#
#.##.....##########
.......#
#.##.###..........#


You could see a deep elf pyromancer (very poisoned).

Vanquished Creatures
  2 two-headed ogres
  Pikel (D:7)
  Joseph (D:7)
  Maggie (D:7)
  A kobold demonologist (D:9)
  A yak (D:8)
  Sigmund (D:5)
  A wyvern (D:8)
  A steam dragon (D:6)
  Menkaure (D:7)
  2 wargs (D:8)
  2 water moccasins
  A sky beast (D:7)
  3 orc warriors
  An ogre (D:4)
  3 lemures
  A phantom (D:4)
  3 centaurs
  4 kobold brigands
  8 bullfrogs
  2 scorpions
  12 wights
  4 killer bees
  4 hounds
  4 jellies
  5 orc priests
  3 iguanas
  4 orc wizards
  Robin (D:2)
  7 gnolls
  5 adders
  A white imp (D:5)
  2 ufetubi (D:7)
  2 worms
  3 dart slugs
  28 orcs
  5 endoplasms
  5 giant cockroaches
  10 hobgoblins
  4 jackals (D:3)
  28 kobolds
  5 quokkas
  10 ball pythons
  6 bats
  2 frilled lizards (D:2)
  10 goblins
  2 rats (D:1)
213 creatures vanquished.

Vanquished Creatures (others)
  2 fulminant prisms
2 creatures vanquished.

Grand Total: 215 creatures vanquished

Notes
Turn   | Place    | Note
-------+----------+-------------------------------------------
     0 | D:1      | riellis1 the Demigod Conjurer began the quest for the Orb.
     0 | D:1      | Reached XP level 1. HP: 14/14 MP: 5/5
     7 | D:1      | Got the Reference Book on the Missiles and Companions
   408 | D:1      | Reached XP level 2. HP: 20/20 MP: 4/7
   412 | D:1      | Learned a level 2 spell: Searing Ray
  1218 | D:2      | Reached skill level 4 in Conjurations
  1466 | D:2      | Reached XP level 3. HP: 26/26 MP: 3/8
  1570 | D:2      | Noticed Robin
  1583 | D:2      | Killed Robin
  2596 | D:3      | Reached XP level 4. HP: 33/33 MP: 7/9
  3680 | D:4      | Noticed a phantom
  3789 | D:4      | Reached skill level 5 in Conjurations
  3952 | D:4      | Reached XP level 5. HP: 38/38 MP: 6/10
  4073 | D:4      | Reached skill level 6 in Conjurations
  4300 | D:4      | Found a staircase to the Ecumenical Temple.
  4303 | D:4      | Noticed an ogre
  4308 | D:4      | Killed an ogre
  4309 | D:4      | Reached XP level 6. HP: 45/45 MP: 4/13
  4391 | D:4      | Learned a level 4 spell: Iskenderun's Mystic Blast
  4395 | D:4      | Learned a level 3 spell: Dazzling Flash
  4922 | D:5      | Entered Level 5 of the Dungeon
  5129 | D:5      | Reached skill level 7 in Conjurations
  5252 | D:5      | Reached skill level 1 in Translocations
  5252 | D:5      | Reached XP level 7. HP: 50/50 MP: 3/14
  5599 | D:5      | Noticed Sigmund
  5611 | D:5      | Killed Sigmund
  5891 | D:6      | Noticed a steam dragon
  5900 | D:6      | Killed a steam dragon
  6004 | D:6      | Reached skill level 5 in Translocations
  6270 | D:6      | Reached skill level 1 in Fighting
  6355 | D:6      | Reached XP level 8. HP: 36/59 MP: 3/15
  7224 | D:7      | Noticed Menkaure
  7390 | D:7      | Killed Menkaure
  7521 | D:7      | Noticed Pikel
  7768 | D:7      | Reached skill level 8 in Conjurations
  8160 | D:7      | Noticed Maggie
  8179 | D:7      | HP: 2/61 [Maggie/puff of flame (5)]
  8288 | D:7      | Reached skill level 9 in Conjurations
  8456 | D:7      | Killed Pikel
  8457 | D:7      | Reached XP level 9. HP: 51/67 MP: 2/16
  8559 | D:7      | Killed Maggie
  8560 | D:7      | Reached skill level 10 in Conjurations
  8678 | D:7      | Learned a level 4 spell: Fulminant Prism
  8709 | D:7      | Noticed Joseph
  8732 | D:7      | Killed Joseph
  9258 | D:8      | Reached skill level 1 in Armour
  9809 | D:8      | Reached skill level 11 in Conjurations
 10246 | D:8      | Noticed a two-headed ogre
 10458 | D:8      | Killed a two-headed ogre
 10459 | D:8      | Reached XP level 10. HP: 67/78 MP: 3/17
 10935 | D:8      | Found a staircase to the Lair.
 11441 | D:9      | Noticed a rust devil
 11546 | D:9      | Reached skill level 12 in Conjurations
 11628 | D:9      | Noticed a two-headed ogre
 11629 | D:9      | Reached skill level 1 in Hexes
 11636 | D:9      | Noticed a deep elf pyromancer
 11923 | D:9      | Killed a two-headed ogre
 12178 | D:8      | Killed from afar by a deep elf pyromancer

Illustrated notes

Levels and vault maps discovered:
D:1:      spicycebolla_arrival_risky_transporter, layout_loops_corners
D:2:      layout_basic, uniq_robin
D:3:      layout_basic, jmf_multi_god_temple,
          mainiacjoe_overflow_surrounded_room
D:4:      layout_rooms, temple_fountains, grunt_decor_cap
D:5:      layout_rooms, uniq_sigmund
D:6:      layout_cave_pods, general_overflow_altar
D:7:      nicolae_cairo_tiling_very_big, layout_cave_pools, uniq_menkaure,
          uniq_joseph, uniq_maggie, uniq_pikel
D:8:      layout_basic, grunt_lair_entry_orc_guard_hut
D:9:      layout_irregular_city, mainiacjoe_overflow_cross_hatched, david_orc_3,
          minmay_misc_feat_enclosed

Skill      XL: |  1  2  3  4  5  6  7  8  9 10 |
---------------+-------------------------------+-----
Spellcasting   | 2 3 |  3.0
Conjurations   | 4 5 6 7 9 11 12 | 12.0
Dodging        | 2 |  2.0
Stealth        | 2 |  2.0
Translocations | 1 5 6 |  6.0
Fighting       | 1 2 4 |  4.0
Armour         | 3 4 |  4.0
Hexes          | 4 |  4.2
Axes           | |  0.1
Shields        | |  0.1
Air Magic      | |  0.1
Evocations     | |  0.3

Action                     |  1- 3 |  4- 6 |  7- 9 | 10-12 || total
---------------------------+-------+-------+-------+-------++-------
  Melee: Whip              |    17 |    24 |    34 |     9 ||    84
         Great sword       |       |       |       |    11 ||    11
         Scimitar          |       |       |       |     2 ||     2
   Cast: Magic Dart        |    84 |   105 |   158 |    28 ||   375
         Searing Ray       |     4 |    13 |    48 |    16 ||    81
         Iskenderun's Myst |       |       |    14 |    13 ||    27
         Fulminant Prism   |       |       |     1 |     1 ||     2
         Dazzling Flash    |       |       |     1 |     1 ||     2
    Use: Scroll            |       |     2 |    12 |     1 ||    15
         Potion            |       |       |     3 |       ||     3
   Stab: Sleeping          |       |       |     1 |       ||     1
 Armour: Robe              |    13 |    12 |     3 |       ||    28
         Steam dragon scal |       |       |    26 |       ||    26
         Leather armour    |       |       |    13 |    38 ||    51
  Dodge: Dodged            |    28 |    33 |   139 |   110 ||   310
